Map: Cerulean Fall LE

Players

Swatopluke - Winner!

  • Race: Protoss Protoss
  • League: Platinum
  • Spawn Location: 1:00

LigetyRock

  • Race: Protoss Protoss
  • League: Diamond
  • Spawn Location: 7:00

VOD

Have the link to the VOD?

Description

Time

  • Played on: Nov. 11, 2018, 8:01 p.m.
  • Length: 5:57
Show
View Real Time Build Order
Export as new Build Order

Swatopluke Protoss - Winner!

Build Orders:  

Get SALT Encoding   

  12  0:00  Probe  
  13  0:12  Probe  
  14  0:17  Pylon  
  14  0:24  Probe  
  15  0:35  Probe, Gateway  
  16  0:45  Probe  
  16  0:46  Assimilator  
  17  0:56  Probe  
  18  1:16  Probe  
  19  1:22  Cybernetics Core  
  19  1:28  Probe, Zealot  
  22  1:40  Probe  
  23  1:49  Assimilator  
  23  2:06  Pylon  
  23  2:19  Stalker  
  23  2:24  Probe  
  26  2:36  Probe  
  27  2:47  Robotics Facility  
  27  2:48  Probe  
  28  3:01  Stalker  
  28  3:02  Gateway  
  28  3:03  Probe  
  28  3:05  Gateway  
  29  3:12  Warp Gate  
  31  3:22  Pylon  
  31  3:23  Pylon  
  31  3:40  Probe, Immortal  
  36  3:59  Stalker x2  
  36  4:00  Stalker  
  42  4:03  Gateway  
  42  4:16  Immortal  
  46  4:29  Probe  
  47  4:41  Stalker  
  47  4:49  Pylon  
  47  4:51  Pylon  
  47  4:52  Pylon  
  47  5:07  Immortal  
  51  5:23  Nexus  
  49  5:52  Stalker x3  
  49  5:53  Stalker  
Show
View Real Time Build Order
Export as new Build Order

LigetyRock Protoss 

Build Orders:  

Get SALT Encoding   

  12  0:01  Probe  
  13  0:13  Probe  
  14  0:17  Pylon  
  14  0:25  Probe  
  15  0:37  Probe  
  15  0:41  Forge  
  16  0:46  Probe  
  17  0:54  Probe  
  18  1:13  Probe  
  18  1:15  Pylon  
  19  1:19  Pylon  
  19  1:21  Probe  
  20  1:31  Probe  
  20  1:35  Pylon  
  21  1:43  Photon Cannon  
  21  1:51  Probe  
  22  1:59  Pylon  
  22  2:15  Pylon  
  22  2:16  Pylon  
  22  2:19  Probe  
  22  2:22  Photon Cannon  
  23  2:25  Photon Cannon  
  23  2:31  Probe  
  23  2:32  Pylon  
  24  2:40  Gateway  
  24  2:44  Probe  
  25  2:53  Probe  
  26  3:01  Probe  
  26  3:02  Nexus  
  26  3:05  Pylon  
  26  3:09  Probe  
  28  3:20  Pylon  
  28  3:26  Assimilator  
  28  3:32  Photon Cannon  
  28  3:43  Probe  
  29  3:54  Assimilator  
  28  3:55  Probe  
  29  4:04  Cybernetics Core  
  29  4:07  Zealot  
  29  4:09  Probe  
  31  4:19  Probe x2  
  31  4:21  Pylon  
  33  4:27  Probe  
  33  4:31  Probe  
  35  4:40  Pylon  
  35  4:41  Probe  
  36  4:47  Stalker  
  36  4:51  Pylon  
  36  4:52  Probe  
  39  4:56  Probe  
  40  5:02  Probe, Gateway x2  
  40  5:05  Gateway  
  41  5:09  Probe, Gateway  
  41  5:10  Probe  
  42  5:17  Stalker  
  45  5:23  Probe  
  45  5:25  Probe  
  47  5:38  Shield Battery  
  47  5:39  Shield Battery  
Tags
 
Matchup
PvP
Replay Pack
Swatopluke
Spawn Locations
Cross Positions
Add a new tag
Caveats
  • Supply blocks, unpowered buildings, or Contaminate may cause inaccurate times.
  • Supply counts are checked every 10 seconds.